 Dungeon Crawl Stone Soup version 0.30-a0-711-gf4ac18a (webtiles) character file.

Game seed: 8488745958948643958

38 malesh the Sneak (level 3, 0/19 HPs)
             Began as a Kobold Enchanter on Jan 22, 2023.
             Slain by a gnoll
             ... wielding a +0 club
              (3 damage)
             ... on level 1 of the Dungeon.
             The game lasted 00:04:55 (1672 turns).

malesh the Sneak (Kobold Enchanter)                 Turns: 1672, Time: 00:04:55

Health: 0/19       AC:  4    Str:  5    XL:     3   Next: 65%
Magic:  0/6        EV: 15    Int: 18    God:
Gold:   54         SH:  0    Dex: 15    Spells: 2/7 levels left

rFire   + . .      SeeInvis .    a - +2 dagger
rCold   . . .      Faith    .    (no shield)
rNeg    . . .      Spirit   .    b - +0 robe
rPois   .          Reflect  .    (no helmet)
rElec   .          Harm     .    (no cloak)
rCorr   +          Rampage  .    m - +1 pair of gloves
Will    .....                    (no boots)
Stlth   ++++                     (no amulet)
HPRegen 0.23/turn                d - ring of resist corrosion
MPRegen 0.10/turn                p - ring of protection from fire

@: no status effects
A: small, no large weapons, nightstalker 3
a: no special abilities


You were on level 1 of the Dungeon.
You visited 1 branch of the dungeon, and saw 2 of its levels.

You collected 54 gold pieces.

Inventory:

Hand Weapons
 a - a +2 dagger (weapon)
Armour
 b - a +0 robe (worn)
 m - a +1 pair of gloves (worn)
Jewellery
 d - a ring of resist corrosion (left hand)
 p - a ring of protection from fire (right hand)
Wands
 l - a wand of mindburst (14)
Scrolls
 k - 2 scrolls of torment
 n - a scroll of silence
 o - a scroll of amnesia
Potions
 c - 2 potions of invisibility
 e - 3 potions of attraction {unknown}
 f - 2 potions of flight {unknown}
 g - a potion of lignification {unknown}
 h - 2 potions of degeneration {unknown}
 i - a potion of curing {unknown}
 j - a potion of haste {unknown}


   Skills:
 + Level 2.2 Short Blades
 + Level 2.9 Dodging
 + Level 4.4 Stealth
 + Level 2.5 Spellcasting
 + Level 3.4 Hexes


You had 2 spell levels left.
You knew the following spells:

 Your Spells              Type           Power      Damage    Failure   Level
a - Ensorcelled Hibernat  Hex/Ice        16%        N/A       13%         2
b - Confusing Touch       Hex            14%        N/A       12%         3

Your spell library contained the following spells:

 Spells                   Type           Power      Damage    Failure   Level
 Blink                    Tloc           4%         N/A       26%         2
 Tukima's Dance           Hex            14%        N/A       12%         3
 Dazzling Flash           Conj/Hex       16%        N/A       26%         3
 Manifold Assault         Tloc           2%         N/A       86%         4
 Storm Form               Tmut/Air       1%         N/A       100%        7


Dungeon Overview and Level Annotations

Branches:
Dungeon (2/15)

Altars:
Kikubaaqudgha


Innate Abilities, Weirdness & Mutations

You are small and have problems with some larger weapons.
You are completely attuned to the shadows.


Message History

You are out of magic!
Casting: Ensorcelled Hibernation (safe; 13% risk of failure)
Confirm with . or Enter, or press ? or * to list all spells.
You don't have enough magic to cast this spell.
Unknown command.
Unknown command.
You hit the gnoll.
The gnoll is moderately wounded.
The gnoll hits you with a +0 club.
You barely miss the gnoll.
The gnoll is lightly wounded.
The gnoll closely misses you. The gnoll barely misses you.
You climb upwards.
There is a stone staircase leading down here.
The gnoll closely misses you.
There is an open door here.
You are too injured to fight recklessly!
Casting: Ensorcelled Hibernation (safe; 13% risk of failure)
Confirm with . or Enter, or press ? or * to list all spells.
You don't have enough magic to cast this spell.
Casting: Ensorcelled Hibernation (safe; 13% risk of failure)
Confirm with . or Enter, or press ? or * to list all spells.
Okay, then.
Unknown command.
The gnoll attacks as you move away! The gnoll misses you.
The gnoll attacks as you move away! The gnoll hits you but does no damage.
Casting: Ensorcelled Hibernation (safe; 13% risk of failure)
Confirm with . or Enter, or press ? or * to list all spells.
Aiming: Ensorcelled Hibernation (safe; 13% risk of failure)
Press: ? - help, Shift-Dir - straight line, f - gnoll
Aim: a gnoll, wielding a +0 club (lightly wounded, chance to affect: 50%)
The gnoll resists with some effort.
The gnoll hits you with a +0 club.
You hit the gnoll.
The gnoll is moderately wounded.
The gnoll hits you with a +0 club.
* * * LOW HITPOINT WARNING * * *
The gnoll attacks as you move away! The gnoll barely misses you.
The gnoll attacks as you move away! The gnoll hits you with a +0 club.
You die...

......#.....>..### #.##.......
......#........#.######.##.......
......#........#.................
.)....####'#####.######.##.......
##########.# #.##.....##.......
#....#.# #.###.#####..)....
#)##.#.# #.# #.# #.'.......
#.##.#.# #.# #.# #.#.......
#.##...#####@# #.# #.#.......
#.####.....g.# #.# #.#.......
#......#########.# #.#.......
#########........# #.########
#.##########.# #.##.........#
#.##.######### #....# ######


You could see a gnoll.

Vanquished Creatures
  A gnoll (D:2)
  An endoplasm (D:1)
  3 giant cockroaches
  2 goblins
  A hobgoblin (D:1)
  2 quokkas (D:1)
  5 ball pythons (D:1)
  A bat (D:2)
  2 frilled lizards
  6 kobolds (D:1)
  4 rats (D:1)
28 creatures vanquished.

Vanquished Creatures (others)
  14 plants (D:2)
14 creatures vanquished.

Grand Total: 42 creatures vanquished

Notes
Turn   | Place    | Note
-------+----------+-------------------------------------------
     0 | D:1      | malesh the Kobold Enchanter began the quest for the Orb.
     0 | D:1      | Reached XP level 1. HP: 10/10 MP: 3/3
   106 | D:1      | Reached XP level 2. HP: 15/15 MP: 5/5
   109 | D:1      | Learned a level 2 spell: Ensorcelled Hibernation
   760 | D:1      | Reached XP level 3. HP: 19/19 MP: 1/6
  1154 | D:2      | Learned a level 3 spell: Confusing Touch
  1340 | D:2      | Found a faded altar of an unknown god.
  1506 | D:2      | Found an ancient bone altar of Kikubaaqudgha.
  1672 | D:1      | Slain by a gnoll

Illustrated notes

Levels and vault maps discovered:
D:1:      dpeg_arrival_solitude, layout_basic, minmay_misc_feat_nine_boxes
D:2:      layout_loops_ring, basic_altar, nicolae_ecumenical_lake_church,
          nicolae_grassy_gnolls

Skill      XL: |  1  2  3 |
---------------+----------+-----
Short Blades   | 2 |  2.2
Dodging        | |  2.9
Stealth        | |  4.4
Spellcasting   | |  2.5
Hexes          | |  3.4

Action                     || total
---------------------------++-------
  Melee: Dagger            ||    47
   Cast: Ensorcelled Hiber ||    19
    Use: Scroll            ||     6
   Stab: Sleeping          ||    24
 Armour: Robe              ||     7
  Dodge: Dodged            ||    32

Table legend: (Time is in decaauts)
 A = Elapsed time spent in this place.
 B = Non-inter-level travel time spent in this place.
 C = Inter-level travel time spent in this place.
 D = Time resting spent in this place.
 E = Time spent auto-exploring this place.
 F = Levels seen in this place.
 G = Mean time per level.
                   A        B        C        D        E       F      G
               +--------+--------+--------+--------+--------+-----+--------+
         Total |   1667 |   1609 |     58 |     50 |   1297 |   2 |  833.5 |
       Dungeon |   1667 |   1609 |     58 |     50 |   1297 |   2 |  833.5 |
               +--------+--------+--------+--------+--------+-----+--------+

Top non-repeatable levels by time:
     D:1: 1219 daAuts
     D:2: 448 daAuts
